AoeStats
← Evan Mason

Black Forest

508194019Analyzed
4v4 RM · 13d ago on Sep 21, 2026· 56m 4s· 8 players
Game mode
Random Map
Map size
Large (8 player)
Population
200
Speed
Normal
Resources
Standard
Victory
Conquest
Starting age
Dark Age
Ending age
Imperial Age
RankedLock teamsTeams togetherTeam positionsShared explorationLock speedFull tech treeHidden civsTurbo modeCheats
Victory
Defeat
🇩🇪 Khmer · Germany
697
+12
🇬🇧 Ethiopians · United Kingdom
683
+13
🇩🇪 Persians · Germany
674
+13
🇳🇴 Koreans · Norway
652
+15
🇮🇩 Romans · Indonesia
649
-14
🇮🇳 Vikings · India
628
-14
🇨🇳 Bohemians · China
606
-13
🇺🇸 Portuguese · United States
580
-12
John Cena
0:32 Loom
15:25 Feudal Age
19:42 Castle Age
18:56 Double-Bit Axe
20:23 Wheelbarrow
25:10 Hand Cart
24:41 Town Watch
42:48 Imperial Age
betalbaadshah
0:55 Loom
15:01 Feudal Age
Evan Mason
5:24 Loom
11:40 Feudal Age
12:15 Horse Collar
20:23 Castle Age
20:19 Double-Bit Axe
22:09 Wheelbarrow
22:55 Fletching
23:32 Heavy Plow
32:40 Bodkin Arrow
32:57 Forging
34:08 Hand Cart
34:14 Husbandry
34:29 Wagenburg Tactics
34:47 Bow Saw
35:50 Town Watch
acilr
13:59 Feudal Age
14:36 Double-Bit Axe
19:15 Castle Age
17:50 Horse Collar
18:41 Stone Mining
18:48 Gold Mining
20:34 Wheelbarrow
20:33 Heavy Plow
22:58 Bow Saw
26:32 Gold Shaft Mining
28:11 Hand Cart
29:13 Padded Archer Armor
29:03 Fletching
37:08 Imperial Age
35:32 Ballistics
35:33 Masonry
35:20 Murder Holes
Dean Filmore
0:30 Loom
12:30 Feudal Age
17:03 Castle Age
18:32 Double-Bit Axe
28:05 Bow Saw
27:38 Horse Collar
28:08 Fletching
28:18 Padded Archer Armor
28:50 Bodkin Arrow
31:28 Wheelbarrow
31:06 Fishing Lines
31:16 Town Watch
34:24 Imperial Age
32:51 Ballistics
32:43 Fortified Wall
32:43 Caravan
34:41 Leather Archer Armor
34:38 Forging
34:29 Scale Mail Armor
34:52 Masonry
34:45 Gold Mining
34:45 Stone Mining
37:29 Chemistry
37:01 Architecture
36:50 Thumb Ring
36:07 Crossbowman
36:54 Bracer
37:25 Ring Archer Armor
37:31 Iron Casting
37:12 Chain Mail Armor
38:22 Gold Shaft Mining
38:24 Stone Shaft Mining
38:53 Two-Man Saw
37:55 Heavy Plow
38:36 Town Patrol
38:56 Hand Cart
39:27 Squires
39:16 Arson
39:03 Arbalester
41:11 Torsion Engines
41:37 Halberdier
44:18 Blast Furnace
43:53 Plate Mail Armor
55:08 Spies/Treason
KoN_Air
1:56 Loom
14:52 Feudal Age
20:19 Castle Age
20:41 Double-Bit Axe
20:41 Horse Collar
20:58 Gold Mining
27:49 Husbandry
28:08 Scale Barding Armor
28:59 Heavy Plow
32:58 Gold Shaft Mining
32:15 Stone Mining
33:35 Chain Barding Armor
33:16 Scale Mail Armor
35:40 Squires
35:26 Arson
35:02 Pikeman
41:07 Imperial Age
39:15 Wheelbarrow
38:26 Town Watch
41:50 Hand Cart
41:36 Town Patrol
42:00 Capped Ram
50:05 Spies/Treason
julian_venom
12:53 Feudal Age
13:16 Horse Collar
13:38 Double-Bit Axe
14:36 Wheelbarrow
15:07 Loom
15:25 Town Watch
21:25 Gold Mining
21:28 Stone Mining
26:35 Castle Age
28:17 Caravan
29:06 Stone Shaft Mining
29:07 Gold Shaft Mining
28:47 Bow Saw
28:41 Heavy Plow
29:08 Hand Cart
33:44 Imperial Age
32:20 Ballistics
32:16 Masonry
32:03 Murder Holes
32:27 Fortified Wall
32:41 Scale Barding Armor
33:21 Town Patrol
34:15 Chain Barding Armor
36:24 Crop Rotation
37:22 Elite Battle Elephant
38:03 Husbandry
38:14 Bloodlines
39:04 Plate Barding Armor
40:44 Tusk Swords
41:58 Siege Engineers
42:46 Double Crossbow
43:11 Heavy Scorpion
51:36 Spies/Treason
ChrisTiA87
10:52 Feudal Age
12:08 Wheelbarrow
11:15 Horse Collar
11:26 Double-Bit Axe
15:32 Arson
20:52 Gold Mining
20:53 Stone Mining
24:12 Castle Age
24:30 Town Watch
25:03 Hand Cart
25:22 Scale Mail Armor
24:48 Pikeman
26:03 Crossbowman
30:34 Gold Shaft Mining
30:35 Stone Shaft Mining
30:04 Heavy Plow
30:22 Padded Archer Armor
33:16 Bow Saw
34:20 Husbandry
34:31 Bloodlines
34:32 Thumb Ring
33:48 Elite Skirmisher
34:32 Squires
37:00 Kamandaran
40:57 Imperial Age
39:08 Caravan
41:47 Citadels
41:59 Elite War Elephant
54:46 Spies/Treason
Connection lost

Rejoining the realm…

Still unreachable

The connection could not be restored.

Session expired

The server has moved on; the page needs a fresh start.